 Dungeon Crawl Stone Soup version 0.22.0-40-g68aacdc4c8 (webtiles) character file.

2242 tankosbobi the Protected (level 9, -1/70 HPs)
             Began as a Minotaur Fighter on Sept 2, 2018.
             Was a Priest of Okawaru.
             Splashed by Psyche's acid (9 damage)
             ... on level 8 of the Dungeon.
             The game lasted 00:26:01 (5749 turns).

tankosbobi the Protected (Minotaur Fighter)         Turns: 5749, Time: 00:26:01

Health: -1/70      AC: 11    Str: 29    XL:     9   Next: 14%
Magic:  8/8        EV: 11    Int:  5    God:    Okawaru [***...]
Gold:   599        SH: 12    Dex: 10    Spells: 8/8 levels left

rFire    . . .     SeeInvis .   J - +3 war axe
rCold    + . .     Gourm    .   c - +0 shield
rNeg     . . .     Faith    .   u - +0 chain mail
rPois    .         Spirit   .   (helmet restricted)
rElec    .         Reflect  .   o - +0 cloak
rCorr    .         Harm     .   r - +0 pair of gloves
MR       .....                  i - +0 pair of boots
Stlth    ..........             E - amulet of rage
HPRegen  0.21/turn              e - +2 ring of evasion
MPRegen  0.11/turn              N - ring of protection from cold

@: mighty, about to teleport, corroded
A: retaliatory headbutt, horns 2
a: Heroism, Renounce Religion, Evoke Berserk Rage


You were on level 8 of the Dungeon.
You worshipped Okawaru.
Okawaru was most pleased with you.
You were very hungry.

You visited 2 branches of the dungeon, and saw 9 of its levels.

You collected 599 gold pieces.

Inventory:

Hand Weapons
 a - a +1 war axe
 k - a +1 dagger of venom
 x - a +1 flail of holy wrath
 y - a +0 hand axe of electrocution
 D - a +2 whip of flaming
 J - a +3 war axe (weapon)
Missiles
 B - 9 tomahawks (quivered)
 I - 8 silver javelins
 K - 6 silver tomahawks
Armour
 b - a +0 scale mail
 c - a +0 shield (worn)
 i - a +0 pair of boots (worn)
 o - a +0 cloak (worn)
 r - a +0 pair of gloves (worn)
 u - a +0 chain mail (worn)
Jewellery
 e - a +2 ring of evasion (left hand)
 l - an uncursed ring of resist corrosion
 E - an amulet of rage (around neck)
 F - an uncursed ring of poison resistance
 N - a ring of protection from cold (right hand)
Wands
 M - a wand of scattershot (6)
 O - a wand of paralysis (6)
 P - a wand of polymorph (9)
Scrolls
 d - 2 scrolls of enchant weapon
 g - a scroll of immolation
 m - 7 scrolls of identify
 p - 4 scrolls of amnesia {unknown}
 t - 3 scrolls of teleportation {unknown}
 A - 3 scrolls of magic mapping {unknown}
 C - 3 scrolls of remove curse {unknown}
 G - a scroll of fog {unknown}
 H - a scroll of enchant armour {unknown}
Potions
 h - 4 potions of degeneration {unknown}
 j - 4 potions of cancellation {unknown}
 n - 2 potions of agility {unknown}
 q - 7 potions of lignification {unknown}
 s - a potion of mutation {unknown}
 v - a potion of brilliance {unknown}
 w - 2 potions of curing {unknown}
 z - 2 potions of resistance {unknown}
Comestibles
 f - 14 rations


   Skills:
 - Level 3.6 Fighting
 - Level 0.4 Short Blades
 - Level 4.7(4.8) Axes
 - Level 1.6(3.4) Maces & Flails
 - Level 9.3 Armour
 * Level 4.4 Dodging
 - Level 8.7 Shields
 - Level 4.5 Unarmed Combat


You had 8 spell levels left.
You didn't know any spells.
Your spell library contained the following spells:

 Spells                   Type           Power        Failure   Level  Hunger
 Beastly Appendage        Tmut           #.....       99%         1    ##.....
 Summon Small Mammal      Summ           #...         99%         1    ##.....
 Call Imp                 Summ           #.......     100%        2    ###....
 Sticks to Snakes         Tmut           #.......     100%        2    ###....
 Call Canine Familiar     Summ           #.......     100%        3    ####...
 Spider Form              Tmut/Pois      #.........   100%        3    ####...
 Summon Guardian Golem    Hex/Summ       #.......     100%        3    ####...
 Ice Form                 Ice/Tmut       #.......     100%        4    #####..
 Summon Ice Beast         Ice/Summ       #.......     100%        4    #####..
 Summon Lightning Spire   Summ/Air       #.......     100%        4    #####..
 Blade Hands              Tmut           #.........   100%        5    ######.


Dungeon Overview and Level Annotations

Branches:
Dungeon (8/15)             Temple (1/1) D:5
   Lair: D:8-11

Altars:
Ashenzari
Cheibriados
Dithmenos
Elyvilon
Fedhas
Gozag
Hepliaklqana
Kikubaaqudgha
Makhleb
Nemelex Xobeh
Okawaru
Qazlal
Ru
Sif Muna
Trog
Uskayaw
Vehumet
Wu Jian
Xom
Yredelemnul
Zin
The Shining One

Annotations:
D:8 Psyche


Innate Abilities, Weirdness & Mutations

You reflexively headbutt those who attack you in melee.
You have a pair of horns on your head.


Message History

You block Psyche's attack.
You hit Psyche.
Psyche is lightly wounded.
Psyche points at you and mumbles some strange words.
The magic dart hits you! You block Psyche's attack.
Your chain mail prevents you from hitting Psyche.
Your headbutt misses Psyche.
Psyche is lightly wounded.
Psyche zaps a wand.
The bolt of acid hits you! The acid corrodes you!
You are splashed with acid!
The acid burns!
Psyche gestures at you while chanting. The puff of frost hits you! You resist.
Psyche hits you but does no damage.
You blink.
You are too injured to fight recklessly!
You are too injured to fight recklessly!
You feel very mighty all of a sudden.
Psyche zaps a wand.
The bolt of acid hits you!
* * * LOW HITPOINT WARNING * * *
You are splashed with acid!
The acid burns!
You die...

..... .# ##...##
##.####.# ##.....##
#..(....#
##.......###..#.#..#
##.........##.......
.+.........'.@......
##.........##.......
#.......###.#..##.#
##.....## #...@...#
##...## ###.#####
##'## #.# #.# #.# #
#[# #. ##
###.########.
.###............
#.##.....#######
##.#....##


You could see Psyche.

Vanquished Creatures
  Pikel (D:4)
  A troll (D:6)
  A sky beast (D:5)
  An ice beast (D:6)
  A black bear (D:7)
  A phantom (D:3)
  A centaur (D:7)
  2 bullfrogs
  4 scorpions
  The ghost of Erymatos the Chopper, a weakling MiBe of Trog (D:3)
  A howler monkey (D:6)
  2 crimson imps
  A quasit (D:7)
  2 jellies
  3 orc wizards
  An orc priest (D:6)
  2 hounds
  2 iguanas
  3 worker ants
  A mummy (D:6)
  A worker ant zombie (D:6)
  9 adders
  2 shadow imps
  2 oozes
  An adder zombie (D:5)
  2 adder skeletons
  A dart slug (D:2)
  2 leopard geckos
  35 orcs
  A giant cockroach (D:2)
  7 goblins
  6 hobgoblins
  8 jackals
  3 quokkas
  7 bats
  6 frilled lizards
  6 kobolds
  A leopard gecko skeleton (D:4)
  A quokka skeleton (D:7)
  9 rats
142 creatures vanquished.

Vanquished Creatures (others)
  A worker ant (D:4)
  2 adders (D:4)
  An orc (D:4)
  A frilled lizard (D:4)
5 creatures vanquished.

Grand Total: 147 creatures vanquished

Notes
Turn   | Place    | Note
-------+----------+-------------------------------------------
     0 | D:1      | tankosbobi the Minotaur Fighter began the quest for the Orb.
     0 | D:1      | Reached XP level 1. HP: 19/19 MP: 0/0
    78 | D:1      | Reached skill level 1 in Unarmed Combat
   191 | D:1      | Reached XP level 2. HP: 26/26 MP: 1/1
   667 | D:2      | Reached XP level 3. HP: 14/31 MP: 2/2
  1545 | D:3      | Reached XP level 4. HP: 33/39 MP: 3/3
  1699 | D:3      | Reached skill level 1 in Maces & Flails
  1768 | D:3      | Found a large runed door.
  1768 | D:3      | Found a large runed door.
  1778 | D:3      | Noticed a phantom
  1781 | D:3      | Reached XP level 5. HP: 45/45 MP: 4/4
  1793 | D:3      | Killed a phantom
  2137 | D:3      | Noticed Erymatos's ghost (weakling MiBe)
  2159 | D:3      | Killed Erymatos's ghost
  2159 | D:3      | Reached skill level 4 in Armour
  2159 | D:3      | Reached XP level 6. HP: 32/51 MP: 5/5
  2363 | D:3      | Found a glowing silver altar of Zin.
  2552 | D:4      | Found a sparkling altar of Nemelex Xobeh.
  2607 | D:4      | Found a basalt altar of Yredelemnul.
  2615 | D:4      | Found an ornate altar of the Wu Jian Council.
  2620 | D:4      | Found a stormy altar of Qazlal.
  2621 | D:4      | Found a white marble altar of Elyvilon.
  2621 | D:4      | Found a bloodstained altar of Trog.
  2621 | D:4      | Found a deep blue altar of Sif Muna.
  2632 | D:4      | Found a hide-covered altar of Uskayaw.
  2638 | D:4      | Found an iron altar of Okawaru.
  2639 | D:4      | Found a hazy altar of Hepliaklqana.
  2659 | D:4      | Became a worshipper of Warmaster Okawaru
  2675 | D:4      | Noticed a slave
  2676 | D:4      | Noticed a slave
  2676 | D:4      | Noticed Pikel
  2679 | D:4      | Noticed a slave
  2684 | D:4      | Noticed a slave
  2694 | D:4      | Killed Pikel
  2694 | D:4      | Reached * piety under Okawaru
  2694 | D:4      | Reached ** piety under Okawaru
  2694 | D:4      | Reached skill level 7 in Armour
  2694 | D:4      | Reached XP level 7. HP: 57/57 MP: 6/6
  3237 | D:5      | Entered Level 5 of the Dungeon
  3253 | D:5      | Reached XP level 8. HP: 64/64 MP: 7/7
  3481 | D:5      | Reached skill level 8 in Armour
  3489 | D:5      | You fall through a shaft for 3 floors!
  3842 | D:6      | Reached skill level 9 in Armour
  3899 | D:5      | Reached *** piety under Okawaru
  4052 | D:5      | Found a staircase to the Ecumenical Temple.
  4066 | Temple   | Entered the Ecumenical Temple
  4483 | D:6      | Noticed a troll
  4493 | D:6      | Killed a troll
  4493 | D:6      | Reached XP level 9. HP: 53/70 MP: 8/8
  4559 | D:6      | Found a snail-covered altar of Cheibriados.
  5741 | D:8      | Noticed Psyche
  5749 | D:8      | Splashed by Psyche's acid

Skill      XL: |  1  2  3  4  5  6  7  8  9 |
---------------+----------------------------+-----
Unarmed Combat | 1 3 4 |  4.5
Maces & Flails | 1 |  1.6
Axes           | 4 |  4.7
Armour         | 4 7 9 |  9.3
Shields        | 4 6 8 |  8.7
Dodging        | 2 4 |  4.4
Fighting       | |  3.6
Short Blades   | |  0.4

Action                   |  1- 3 |  4- 6 |  7- 9 || total
-------------------------+-------+-------+-------++-------
Melee: War axe           |    97 |     5 |    90 ||   192
       Headbutt          |    10 |    21 |    32 ||    63
       Flail             |       |    27 |       ||    27
       Hand axe          |       |    92 |   100 ||   192
Throw: Tomahawk          |       |     1 |     2 ||     3
  Use: Scroll            |     4 |       |       ||     4
       Potion            |       |     2 |     2 ||     4
  Eat: Chunk             |     2 |     3 |     6 ||    11
       Ration            |       |       |     1 ||     1
Armor: Scale mail        |    28 |       |       ||    28
       Chain mail        |     7 |    44 |    92 ||   143
Dodge: Dodged            |    39 |    23 |    50 ||   112
Block: Shield            |    66 |    57 |   106 ||   229
